 Dungeon Crawl Stone Soup version 0.29-a0-757-g358383bc75 (webtiles) character file.

Game seed: 5765883200217940818

399245 buhh the Warrior (level 22, -16/222 HPs)
             Began as an Octopode Transmuter on July 1, 2022.
             Was a High Priest of Cheibriados.
             Killed from afar by an orb of fire (29 damage)
             ... with a fireball
             ... on level 5 of the Realm of Zot.
             The game lasted 01:38:34 (46828 turns).

buhh the Warrior (Octopode Transmuter)             Turns: 46828, Time: 01:38:34

Health: -16/222    AC: 29    Str: 27    XL:     22   Next: 91%
Magic:  31/31      EV: 26    Int: 37    God:    Cheibriados [*****.]
Gold:   2695       SH: 20    Dex: 24    Spells: 8/27 levels left

rFire   + + .      SeeInvis +     - Unarmed
rCold   + . .      Faith    .   q - +5 kite shield
rNeg    + + .      Spirit   .   b - +2 hat {Will+}
rPois   ∞          Reflect  .   n - amulet "Sedghetany" {Regen+ Slay+2 Stlth+}
rElec   +          Harm     .   d - ring of wizardry
rCorr   +          Rampage  .   A - ring "Ireihec" {Fire rElec Will+}
Will    +++++                   Y - ring "Zefewkuo" {rC+ rN+ Int+3 SInv}
Stlth   ++++......              W - ring of protection from fire
HPRegen 1.27/turn               e - ring of protection from fire
MPRegen 0.22/turn               j - ring of Ytsinkus {rCorr Str+4}
                                R - ring of see invisible
                                g - ring of Ugaradd {Ice Will++ rCorr Int-4 Stlth-}

@: statue-form, studying Short Blades, very slow
A: slow and powerful, torment resistance 1, boosted hp, almost no armour,
amphibious, 8 rings, camouflage 1, (gelatinous body 1), (nimble swimmer 1),
tentacles, clumsy 1, subdued magic 2, noise suppression
}: 3/15 runes: barnacled, silver, gossamer
a: End Transformation, Renounce Religion, Bend Time, Temporal Distortion,
Slouch, Step From Time


You were on level 5 of the Realm of Zot.
You worshipped Cheibriados.
Cheibriados was extremely pleased with you.
You were a living statue of rough stone.
You visited 9 branches of the dungeon, and saw 45 of its levels.
You also visited: Trove and Ice Cave.

You collected 4570 gold pieces.
You spent 1875 gold pieces at shops.

Inventory:

Armour
 b - a +2 hat of willpower (worn)
 q - a +5 kite shield (worn)
Jewellery
 d - a ring of wizardry (left tentacle)
 e - a ring of protection from fire (on tentacle)
 g - the ring of Ugaradd (on tentacle) {Ice Will++ rCorr Int-4 Stlth-}
   (You found it in a treasure trove)

   [ring of ice]

   It enhances your ice magic.
   Int:       It affects your intelligence (-4).
   rF:        It makes you vulnerable to fire.
   rC:        It protects you from cold.
   rCorr:     It protects you from acid and corrosion.
   Will:      It greatly increases your willpower.
   Stlth:     It makes you less stealthy.
 j - the ring of Ytsinkus (on tentacle) {rCorr Str+4}
   (You found it in a treasure trove)

   [ring of resist corrosion]

   Str:       It affects your strength (+4).
   rCorr:     It protects you from acid and corrosion.
 m - the amulet of Ydadeoff {rC- Regen+ Dex+5}
   (You found it in a treasure trove)

   [amulet of regeneration]

   Dex:       It affects your dexterity (+5).
   rC:        It makes you vulnerable to cold.
   Regen:     It increases your rate of health regeneration.
 n - the amulet "Sedghetany" (around mantle) {Regen+ Slay+2 Stlth+}
   (You found it in a treasure trove)

   [amulet of regeneration]

   Slay:      It affects your accuracy & damage with ranged weapons and melee
   (+2).
   Regen:     It increases your rate of health regeneration.
   Stlth:     It makes you more stealthy.
 p - the ring "Fisik" {Ice rN+ SInv}
   (You found it on level 2 of the Lair of Beasts)

   [ring of ice]

   It enhances your ice magic.
   rF:        It makes you vulnerable to fire.
   rC:        It protects you from cold.
   rN:        It protects you from negative energy.
   SInv:      It lets you see invisible.
 r - the ring of Generosity {rElec Will+ Dex+6}
   (You found it on level 4 of the Shoals)

   [ring of dexterity]

   Dex:       It affects your dexterity (+6).
   rElec:     It insulates you from electricity.
   Will:      It increases your willpower.
 s - a +4 ring of protection
 w - a +4 ring of slaying
 z - a ring of protection from fire
 A - the ring "Ireihec" (right tentacle) {Fire rElec Will+}
   (You found it on level 4 of the Vaults)

   [ring of fire]

   It enhances your fire magic.
   rF:        It protects you from fire.
   rC:        It makes you vulnerable to cold.
   rElec:     It insulates you from electricity.
   Will:      It increases your willpower.
 E - the ring "Vomenoq" {Str+2 Dex+6}
   (You found it in a treasure trove)

   [ring of dexterity]

   Str:       It affects your strength (+2).
   Dex:       It affects your dexterity (+6).
 L - a +6 ring of dexterity
 O - the amulet of Kurafa {RegenMP Will+}
   (You found it in a treasure trove)

   [amulet of magic regeneration]

   It increases your rate of magic regeneration.
   Will:      It increases your willpower.
 R - a ring of see invisible (on tentacle)
 S - the ring "Gepsat" {rN++ Str+6}
   (You found it in a treasure trove)

   [ring of strength]

   Str:       It affects your strength (+6).
   rN:        It greatly protects you from negative energy.
 W - a ring of protection from fire (on tentacle)
 Y - the ring "Zefewkuo" (on tentacle) {rC+ rN+ Int+3 SInv}
   (You found it on level 5 of the Vaults)

   [ring of see invisible]

   Int:       It affects your intelligence (+3).
   rC:        It protects you from cold.
   rN:        It protects you from negative energy.
   SInv:      It lets you see invisible.
Wands
 v - a wand of digging (9)
 x - a wand of iceblast (25)
 C - a wand of flame (16)
 D - a wand of acid (41)
 G - a wand of paralysis (24)
Scrolls
 t - 14 scrolls of teleportation {!d}
 u - 7 scrolls of poison
 y - 3 scrolls of fear {!r}
 F - 9 scrolls of enchant weapon
 I - a scroll of brand weapon
 P - a scroll of magic mapping {!r!d}
 Q - 7 scrolls of fog
 T - 7 scrolls of immolation {!d}
 X - 7 scrolls of amnesia
 Z - 3 scrolls of enchant armour
Potions
 a - 5 potions of attraction
 f - 4 potions of might
 h - 6 potions of berserk rage {!q}
 k - 8 potions of flight
 l - 3 potions of lignification {!d}
 B - 4 potions of ambrosia {!q!d}
 H - 8 potions of invisibility {!q!d}
 J - a potion of magic {!q!d}
 K - 8 potions of brilliance {!q!d}
 N - 17 potions of curing {!q!d}
 U - 5 potions of mutation {!d}
 V - 4 potions of cancellation {!q!d}
Miscellaneous
 o - a box of beasts


   Skills:
 - Level 20.0 Fighting
 * Level 16.7 Dodging
 - Level 5.0 Stealth
 - Level 15.0 Shields
 - Level 20.0 Unarmed Combat
 - Level 3.0 Spellcasting
 - Level 12.0 Transmutations
 - Level 7.0 Ice Magic
 - Level 12.0 Earth Magic
 - Level 3.0 Poison Magic
 - Level 13.0 Invocations
 - Level 7.0 Evocations


You had 8 spell levels left.
You knew the following spells:

 Your Spells              Type           Power      Damage    Failure   Level
a - Beastly Appendage     Tmut           100%       N/A       0%          1
b - Wereblood             Tmut           56%        N/A       0%          2
c - Spider Form           Tmut/Pois      38%        N/A       1%          3
d - Ice Form              Ice/Tmut       63%        N/A       1%          4
e - Statue Form           Tmut/Erth      37%        N/A       2%          6
f - Frozen Ramparts       Ice            100%       1d12      1%          3

Your spell library contained the following spells:

 Spells                   Type           Power      Damage    Failure   Level
 Foxfire                  Conj/Fire      20%        2x1d5     1%          1
 Magic Dart               Conj           12%        1d3       1%          1
 Sting                    Tmut/Pois      100%       1d8       1%          1
 Summon Small Mammal      Summ           12%        N/A       1%          1
 Poisonous Vapours        Pois/Air       20%        N/A       1%          2
 Petrify                  Tmut/Erth      56%        N/A       1%          4
 Blade Hands              Tmut           28%        N/A       1%          5
 Lee's Rapid Deconstruct  Erth           28%        3d16*     1%          5
 Blink                    Tloc           6%         N/A       3%          2
 Searing Ray              Conj           6%         2d4       3%          2
 Sublimation of Blood     Necr           3%         N/A       3%          2
 Summon Ice Beast         Ice/Summ       29%        N/A       5%          4
 Irradiate                Conj/Tmut      15%        3d18      5%          5
 Call Canine Familiar     Summ           3%         N/A       6%          3
 Conjure Flame            Conj/Fire      5%         6-21      6%          3
 Dazzling Flash           Conj/Hex       6%         N/A       6%          3
 Gell's Gravitas          Tloc           3%         N/A       6%          3
 Inner Flame              Hex/Fire       5%         N/A       6%          3
 Lesser Beckoning         Tloc           3%         N/A       6%          3
 Summon Guardian Golem    Hex/Summ       3%         N/A       6%          3
 Teleport Other           Tloc           3%         N/A       6%          3
 Olgreb's Toxic Radiance  Pois           17%        N/A       6%          4
 Dragon Form              Tmut           28%        N/A       14%         7
 Corpse Rot               Necr/Pois/Air  8%         N/A       16%         4
 Metabolic Englaciation   Hex/Ice        14%        N/A       16%         5
 Airstrike                Air            1%         N/A       22%         4
 Animate Dead             Necr           3%         N/A       22%         4
 Flame Wave               Conj/Fire      5%         2d5       22%         4
 Fulminant Prism          Conj/Hex       1%         3d6       22%         4
 Iskenderun's Mystic Bla  Conj/Tloc      3%         2d3       22%         4
 Summon Lightning Spire   Summ/Air       3%         N/A       22%         4
 Freezing Cloud           Conj/Ice/Air   10%        6-21      26%         5
 Lightning Bolt           Conj/Air       1%         1d12      54%         5
 Manifold Assault         Tloc           3%         N/A       54%         5
 Summon Forest            Summ/Tloc      1%         N/A       54%         5
 Summon Mana Viper        Hex/Summ       3%         N/A       54%         5
 Simulacrum               Ice/Necr       14%        N/A       63%         6
 Starburst                Conj/Fire      2%         6d3       98%         6
 Summon Cactus Giant      Summ           1%         N/A       98%         6
 Haunt                    Necr/Summ      1%         N/A       100%        7
 Borgnjor's Revivificati  Necr           1%         N/A       100%        8
 Infestation              Necr           1%         N/A       100%        8
 Necromutation            Tmut/Necr      15%        N/A       100%        8
 Death's Door             Necr           1%         N/A       100%        9
 Polar Vortex             Ice            26%        N/A       100%        9


Dungeon Overview and Level Annotations

Branches:
Dungeon (15/15) Zot: 36924  Temple (1/1) D:5 Zot: 8722    Lair (6/6) D:11 Zot: 32476
 Shoals (4/4) Lair:2 Zot: 30132  Spider (4/4) Lair:2 Zot: 26375   Slime (0/5) Lair:6
    Orc (2/2) D:11 Zot: 15369     Elf (0/3) Orc:2        Vaults (5/5) D:13 Zot: 36294
  Crypt (0/3) Vaults:2     Depths (4/4) D:15 Zot: 25659     Zot (5/5) Depths:4 Zot: 37939
  IceCv (visited)

Altars:
Ashenzari
Cheibriados
Dithmenos
Elyvilon
Fedhas
Gozag
Hepliaklqana
Kikubaaqudgha
Makhleb
Nemelex Xobeh
Okawaru
Qazlal
Ru
Sif Muna
Trog
Uskayaw
Vehumet
Wu Jian
Xom
Yredelemnul
Zin
The Shining One
Jiyva

Shops:
D:3 (   D:4 *   D:10 *   D:11 (   Orc:2 **(?   Vaults:2 *   Vaults:5 [

Annotations:
D:9 4 runed translucent doors, exclusions: harpy and 1 more exclusion, zhov's ghost, novice SpEn
D:10 exclusion: two-headed ogre
Lair:2 exclusion: catoblepas
Lair:3 2 transporters, Xetequo's ghost, journeyman MiFi
Lair:4 Kirke; Urug
Lair:5 1 runed translucent door
Lair:6 exclusion: 2 oklob plants
Shoals:4 1 runed translucent door, hellse's ghost, adept VSFi


Innate Abilities, Weirdness & Mutations

You are a living statue of rough stone.
Your actions are slow, but your melee attacks are powerful.
You are resistant to unholy torment.
Your maximum health is greatly increased.
You are immune to poison.
You cannot wear most types of armour.
You are amphibious.
You can wear up to eight rings at the same time.
Your skin changes colour to match your surroundings (Stealth+).
((Your rubbery body absorbs attacks. (AC +1, EV +1)))
((You are camouflaged when in or above water. (Stealth+)))
You have tentacles for arms and can constrict up to eight enemies at once.
You are clumsy. (Dex -2)
Your spells are easier to cast, but less powerful.
You passively dampen the noise of your surroundings.


Message History

Your red draconian misses the orb of fire.
The orb of fire glows bright magenta.
The fireball explodes!
The fireball engulfs the orb of fire.
The orb of fire completely resists.
The fireball engulfs your red draconian!!
Your red draconian resists.
You see here a +8 club of flaming.
The orb of fire glows yellow.
The fireball explodes!
The fireball engulfs your red draconian!!!
Your red draconian resists.
Your red draconian dies!
Your red draconian's corpse dissolves into shadows!
The fireball engulfs the orb of fire.
The orb of fire completely resists.
The fireball engulfs the orb of fire.
The orb of fire completely resists.
The orb of fire glows bright magenta.
The bolt of fire hits the orb of fire.
The orb of fire completely resists.
The bolt of fire hits the orb of fire.
The orb of fire completely resists.
The bolt of fire hits you! You resist.
The orb of fire glows bright magenta.
The bolt of fire hits you!! You resist.
The orb of fire glows deep purple.
The fireball explodes!
The fireball engulfs you!! You resist.
The orb of fire glows bright magenta.
The fireball explodes!
The fireball engulfs you! You resist.
* * * LOW HITPOINT WARNING * * *
The orb of fire glows bright magenta.
The fireball explodes!
The fireball engulfs you!! You resist.
* * * LOW HITPOINT WARNING * * *
The orb of fire glows red.
The bolt of fire hits the orb of fire.
The orb of fire completely resists.
The bolt of fire misses you.
There is an open door, spattered with blood here.
You see here +0 storm dragon scales.
The orb of fire emits a lurid red light.
The fireball explodes!
The fireball engulfs you!! You resist.
* * * LOW HITPOINT WARNING * * *
The orb of fire glows red.
The fireball explodes!
The fireball engulfs you!! You resist.
You die...

######..,..#*,********,,,,,,,*
##..,,,..##* *,,,,,,,* #
#..#####..# *,,,,,,,* #
##.##...##.## ******+**
###...........# *** *,*
.##..#.....#..#######,*****,*****
.#..##.8.8.##..##.8.##+,,,*,**,,*
.#..#.......#.)#.....#**,,,,,,,,*
....#...<...#))[8.<.8# *,*****+**
.#..#?......#.*#)....# *,**,,,,,,
##..##.8.8.##*[##(8.## *,**,,,,,,
###..#.....#.*#######* *,**,,,,,,
# #....^.*...*# *..* *,**,,,,,, #
##.##...##L##* *..***,,*,,,,,,
####..#####XX#,* *..,,,,,+,,,,,,
...##.[....z##⌠* *.#****,*,,,,,,
######..Xz.###+####.# *,*,,,,,,


You could see 2 orbs of fire.

Vanquished Creatures
  2 dread liches
  4 orbs of fire (Zot:5)
  5 ancient liches
  3 Killer Klowns
  Frederick (Vaults:4)
  9 golden dragons
  Nikola (Shoals:3)
  Arachne (Spider:3)
  An electric golem (Zot:2)
  4 tentacled monstrosities
  13 Orb Guardians (Zot:5)
  3 titans (Vaults:5)
  6 quicksilver dragons
  4 sphinxes
  3 death cobs
  Agnes (D:15)
  4 tengu reavers
  12 storm dragons
  Donald (Spider:3)
  3 draconian monks (Zot:5)
  3 shadow dragons
  5 frost giants
  A draconian knight (Zot:5)
  3 fire giants
  4 emperor scorpions (Spider:4)
  2 deep elf sorcerers (Vaults:5)
  12 vault wardens
  2 iron dragons (Vaults:5)
  A draconian scorcher (Depths:4)
  Louise (Shoals:3)
  An orc warlord (Orc:2)
  Aizul (Vaults:1)
  A ghost moth (shapeshifter) (Vaults:5)
  2 draconian shifters
  4 ghost moths
  A draconian stormcaller (Depths:4)
  2 draconian annihilators
  4 broodmothers
  5 very ugly things
  3 war gargoyles
  8 ironbound preservers
  9 stone giants
  4 black draconians
  5 entropy weavers
  2 ironbound thunderhulks
  7 spark wasps
  3 red draconians
  6 purple draconians
  5 white draconians
  5 yellow draconians
  8 dire elephants
  2 green draconians
  Azrael (D:11)
  2 deep elf annihilators (Vaults:5)
  10 ettins
  6 merfolk javelineers
  A deep elf death mage (Vaults:5)
  6 merfolk impalers
  4 great orbs of eyes
  3 deep elf high priests
  5 yaktaur captains
  2 fire dragons
  4 boulder beetles
  29 vault guards
  13 hydras
  A boulder beetle (shapeshifter) (Vaults:5)
  2 catoblepae (Lair:6)
  A jorogumo (Spider:3)
  6 merfolk aquamancers
  3 centaur warriors
  9 ironbound frosthearts
  A radroach (Spider:1)
  3 merfolk avatars
  9 ice dragons
  2 ogre magi (Orc:2)
  A spriggan air mage (Depths:4)
  2 alligator snapping turtles (Shoals:4)
  An anaconda (Lair:6)
  A satyr (Shoals:4)
  11 two-headed ogres
  A dancing weapon (Vaults:5)
  A deep troll shaman (Depths:1)
  A titan zombie (Vaults:5)
  3 deep troll earth magi
  Sonja (Lair:2)
  2 spriggans (Depths:4)
  2 spriggan berserkers (Depths:4)
  2 hell knights (Vaults:4)
  A sun moth (Spider:4)
  5 skeletal warriors (D:13)
  20 deep trolls
  3 pharaoh ants
  6 sea snakes
  5 steelbarb worms
  13 orb spiders
  A flayed ghost (Vaults:5)
  A kraken simulacrum (Shoals:4)
  An orange crystal statue (IceCv)
  4 wizards
  11 ironbound convokers
  2 lindwurms (Vaults:1)
  3 necromancers
  5 deep elf pyromancers
  2 orc knights
  4 phantasmal warriors
  17 ugly things
  7 cyclopes
  23 wolf spiders
  A faun (Shoals:1)
  A manticore (shapeshifter) (Vaults:5)
  A frost giant zombie (Vaults:5)
  3 orc sorcerers
  8 merfolk sirens
  17 manticores
  8 elephants
  12 moths of wrath
  A salamander (D:15)
  An elephant (shapeshifter) (Vaults:5)
  8 black mambas
  5 water nymphs
  A torpor snail (shapeshifter) (Depths:1)
  11 vault sentinels
  A guardian serpent (Lair:6)
  2 gargoyles
  3 torpor snails
  11 komodo dragons
  11 yaktaurs (Vaults:4)
  13 cane toads
  2 freezing wraiths
  7 demonic crawlers
  A kobold demonologist (D:12)
  An efreet (D:15)
  A yaktaur zombie (Vaults:5)
  16 rime drakes
  35 merfolk
  A guardian mummy (D:12)
  6 meliai
  16 polar bears
  9 trolls
  A wind drake (Shoals:4)
  22 tarantellas
  4 hornets
  6 snapping turtles
  A dream sheep (shapeshifter) (Vaults:5)
  A raiju (Lair:6)
  28 blink frogs
  28 slime creatures
  31 culicivoras
  24 jumping spiders
  2 wraiths
  Eustachio (D:5)
  13 wyverns
  2 fire elementals (D:12)
  53 yaks
  6 water elementals
  2 basilisks (Lair:6)
  62 redbacks
  Menkaure (D:7)
  6 vampire mosquitoes
  7 wargs
  14 water moccasins
  Duvessa (D:4)
  18 hell hounds
  An ice beast (D:7)
  16 orc warriors
  A black bear (shapeshifter) (D:15)
  15 black bears
  25 ogres
  17 wolves (Lair:6)
  3 phantoms
  5 centaurs
  2 kobold brigands
  14 bullfrogs
  A necrophage (D:6)
  A glowing shapeshifter simulacrum (Vaults:5)
  5 scorpions
  A gnoll sergeant (D:8)
  Dowan (D:4)
  2 killer bees (D:8)
  6 electric eels
  9 howler monkeys
  A lava snake (Lair:4)
  2 jellies (D:10)
  15 orc priests
  2 hounds (D:5)
  3 iguanas
  11 orc wizards
  7 hell rats (Lair:6)
  Robin (D:2)
  7 gnolls
  6 adders
  An ufetubus (D:6)
  A dart slug (D:1)
  59 orcs
  4 endoplasms
  3 giant cockroaches
  13 goblins
  12 hobgoblins
  9 jackals
  19 kobolds
  5 quokkas
  7 ball pythons
  3 bats (D:2)
  3 frilled lizards
  5 rats
  A bush (Shoals:1)
  A fire vortex (Lair:4)
  A tentacle (Shoals:4)
1364 creatures vanquished.

Vanquished Creatures (collateral kills)
  A slime creature (D:14)
1 creature vanquished.

Vanquished Creatures (others)
  A wind drake (Shoals:1)
  2 bushes
  51 fungi
  117 plants
  3 tentacles (Shoals:4)
  7 toadstools (Lair:5)
181 creatures vanquished.

Grand Total: 1546 creatures vanquished

Notes
Turn   | Place    | Note
-------+----------+-------------------------------------------
     0 | D:1      | buhh the Octopode Transmuter began the quest for the Orb.
     0 | D:1      | Reached XP level 1. HP: 13/13 MP: 3/3
   294 | D:1      | Reached XP level 2. HP: 18/18 MP: 3/5
   345 | D:1      | Reached XP level 3. HP: 25/25 MP: 6/6
  1047 | D:2      | You fall into a shaft and drop 2 floors!
  1062 | D:4      | Noticed a scorpion
  1068 | D:4      | Killed a scorpion
  1069 | D:4      | Reached XP level 4. HP: 33/33 MP: 7/7
  1100 | D:4      | Found Merop's Assorted Antiques.
  1161 | D:4      | Bought a scroll labelled TIVOOS JANK for 24 gold pieces
  1161 | D:4      | Bought a fuming sapphire potion for 21 gold pieces
  1161 | D:4      | Bought a glowing cyan potion for 21 gold pieces
  1231 | D:4      | Found an iron altar of Okawaru.
  1233 | D:4      | Found an ornate altar of the Wu Jian Council.
  1234 | D:4      | Found a radiant altar of Vehumet.
  1282 | D:4      | Found a glowing golden altar of the Shining One.
  1345 | D:3      | Found a sparkling altar of Nemelex Xobeh.
  1392 | D:3      | Found Ziteipn's Antique Weapon Shop.
  1418 | D:3      | Reached XP level 5. HP: 28/38 MP: 6/8
  1864 | D:2      | Found a basalt altar of Yredelemnul.
  2067 | D:2      | Learned a level 2 spell: Wereblood
  2071 | D:2      | Learned a level 3 spell: Spider Form
  2101 | D:2      | Noticed Robin
  2116 | D:2      | Killed Robin
  2490 | D:2      | Found a faded altar of an unknown god.
  3360 | D:3      | Reached XP level 6. HP: 39/45 MP: 6/9
  3755 | D:4      | Noticed Dowan
  3790 | D:4      | Noticed Duvessa
  3792 | D:4      | Killed Dowan
  4075 | D:5      | Entered Level 5 of the Dungeon
  4797 | D:5      | Reached XP level 7. HP: 52/52 MP: 8/10
  5019 | D:5      | Found a staircase to the Ecumenical Temple.
  5032 | Temple   | Entered the Ecumenical Temple
  5198 | Temple   | Became a worshipper of Cheibriados the Contemplative
  5437 | D:5      | Noticed Eustachio
  5811 | D:6      | Reached XP level 8. HP: 50/57 MP: 7/11
  6854 | D:7      | Found an ancient bone altar of Kikubaaqudgha.
  6990 | D:7      | Reached * piety under Cheibriados
  7366 | D:7      | Noticed Menkaure
  7378 | D:7      | Killed Menkaure
  7627 | D:7      | Found a broken altar of Ashenzari.
  7772 | D:8      | Noticed a yak
  7772 | D:8      | Noticed a yak
  7774 | D:8      | Noticed a yak
  7775 | D:8      | Noticed a yak
  7775 | D:8      | Noticed a yak
  7776 | D:8      | Noticed a yak
  7783 | D:8      | Killed a yak
  7784 | D:8      | Reached XP level 9. HP: 62/62 MP: 7/12
  8322 | D:8      | Reached ** piety under Cheibriados
  8399 | D:8      | Noticed a cyclops
  8408 | D:8      | Killed a cyclops
  8499 | D:8      | Reached XP level 10. HP: 71/71 MP: 9/13
  9697 | D:9      | Reached *** piety under Cheibriados
  9836 | D:9      | Found a runed translucent gate.
  9836 | D:9      | Found a runed translucent gate.
  9836 | D:9      | Found a runed translucent gate.
  9842 | D:9      | Noticed zhov's ghost (novice SpEn)
 10390 | D:9      | Found a runed translucent door.
 10391 | D:9      | Noticed a harpy
 10745 | D:4      | Killed Duvessa
 11032 | D:4      | Found a shimmering altar of Xom.
 11558 | D:5      | Killed Eustachio
 11789 | D:10     | Entered Level 10 of the Dungeon
 11793 | D:10     | Noticed a gargoyle
 11805 | D:10     | Killed a gargoyle
 11826 | D:10     | Found a viscous altar of Jiyva.
 12266 | D:10     | Found Dodwot's Demolitions Depot.
 12380 | D:10     | Noticed a two-headed ogre
 12504 | D:10     | Reached **** piety under Cheibriados
 12617 | D:10     | Reached XP level 11. HP: 79/81 MP: 12/14
 12982 | D:10     | Found a faded altar of an unknown god.
 12982 | D:10     | Found a faded altar of an unknown god.
 12982 | D:10     | Found a faded altar of an unknown god.
 12994 | D:10     | Found a hazy altar of Hepliaklqana.
 12994 | D:10     | Found a faded altar of an unknown god.
 13210 | D:10     | Found a blossoming altar of Fedhas.
 13218 | D:10     | Found a sacrificial altar of Ru.
 13592 | D:11     | Reached ***** piety under Cheibriados
 13607 | D:11     | Found Axteeh's Antique Weapon Emporium.
 13623 | D:11     | Found the amulet of the Air {Inacc Air Fly rElec RMsl}
 13626 | D:11     | Found a staircase to the Orcish Mines.
 13872 | D:11     | Found a staircase to the Lair.
 14328 | D:12     | Noticed Azrael
 14342 | D:11     | Killed Azrael
 14457 | D:12     | Found a portal to a secret trove of treasure.
 14782 | D:12     | Noticed a cyclops
 14798 | D:12     | Killed a cyclops
 14892 | D:11     | Learned a level 4 spell: Ice Form
 14893 | Lair:1   | Entered Level 1 of the Lair of Beasts
 15550 | Lair:1   | Reached XP level 12. HP: 84/87 MP: 15/15
 16234 | Lair:2   | Identified the ring "Fisik" {Ice rN+ SInv}
 16279 | Lair:2   | Found a staircase to the Shoals.
 16673 | Lair:2   | Found a hole to the Spider Nest.
 16765 | Lair:2   | Noticed a catoblepas
 16935 | Lair:2   | Noticed Sonja
 17251 | Lair:3   | Found a transporter.
 17256 | Lair:3   | Noticed Xetequo's ghost (journeyman MiFi)
 17258 | Lair:3   | Noticed a boulder beetle
 17455 | Lair:3   | Reached skill level 11 in Unarmed Combat
 17587 | Lair:3   | Found a transporter.
 17807 | Lair:3   | Reached ****** piety under Cheibriados
 17928 | Lair:3   | Noticed an eight-headed hydra
 18009 | Lair:4   | You are sucked into a shaft and drop 2 floors!
 18009 | Lair:6   | Entered Level 6 of the Lair of Beasts
 18009 | Lair:6   | Noticed an eight-headed hydra
 18053 | Lair:6   | Noticed a seven-headed hydra
 18061 | Lair:6   | Killed an eight-headed hydra
 18108 | Lair:6   | Killed a seven-headed hydra
 18265 | Lair:6   | Reached skill level 11 in Fighting
 18273 | Lair:6   | Reached XP level 13. HP: 81/95 MP: 16/16
 19729 | Lair:5   | Found a runed translucent door.
 19751 | Lair:5   | Noticed a dire elephant
 20623 | Lair:4   | Noticed Kirke
 20646 | Lair:4   | Noticed Urug
 21344 | Lair:6   | Reached XP level 14. HP: 103/103 MP: 21/21
 21521 | Lair:6   | Found a viscous altar of Jiyva.
 22483 | Lair:6   | Found a staircase to the Slime Pits.
 23106 | Lair:6   | Learned a level 6 spell: Statue Form
 23110 | Lair:6   | Learned a level 3 spell: Frozen Ramparts
 24045 | D:13     | Found a shadowy altar of Dithmenos.
 24887 | D:14     | Reached XP level 15. HP: 108/108 MP: 22/22
 24894 | D:14     | Reached skill level 11 in Transmutations
 25073 | D:13     | Found a gate to the Vaults.
 25555 | D:14     | Found a basalt altar of Yredelemnul.
 26387 | D:15     | Entered Level 15 of the Dungeon
 26601 | D:15     | Noticed Agnes
 26746 | Orc:1    | Entered Level 1 of the Orcish Mines
 26831 | Orc:1    | Found a shimmering altar of Xom.
 27192 | Orc:2    | Entered Level 2 of the Orcish Mines
 27205 | Orc:2    | Reached skill level 11 in Earth Magic
 27212 | Orc:2    | Noticed an orc warlord
 27361 | Orc:2    | Killed an orc warlord
 27374 | Orc:2    | Found Jaywurr's Assorted Antiques.
 27412 | Orc:2    | Found Yxuyg Xack's Assorted Antiques.
 27416 | Orc:2    | Found Etaxtumm's Magic Scroll Emporium.
 27431 | Orc:2    | Found Wur Cits's Antique Weapon Shop.
 27465 | Orc:2    | Bought a scroll of identify for 30 gold pieces
 27465 | Orc:2    | Bought a scroll of identify for 30 gold pieces
 27465 | Orc:2    | Bought a scroll of identify for 30 gold pieces
 27465 | Orc:2    | Bought a scroll of identify for 30 gold pieces
 27470 | Orc:2    | Bought a scroll of fog for 30 gold pieces
 27470 | Orc:2    | Bought 2 scrolls of teleportation for 90 gold pieces
 27470 | Orc:2    | Bought a scroll of poison for 52 gold pieces
 27483 | Orc:2    | Bought a potion of haste for 230 gold pieces
 27483 | Orc:2    | Bought a potion of curing for 69 gold pieces
 27483 | Orc:2    | Bought a scroll of immolation for 80 gold pieces
 27483 | Orc:2    | Bought a scroll of identify for 46 gold pieces
 27483 | Orc:2    | Bought a potion of magic for 184 gold pieces
 27483 | Orc:2    | Bought a scroll of teleportation for 69 gold pieces
 27483 | Orc:2    | Bought a potion of might for 92 gold pieces
 27498 | Orc:2    | Bought a scroll of summoning for 247 gold pieces
 27498 | Orc:2    | Bought 2 lumpy brown potions for 46 gold pieces
 27498 | Orc:2    | Bought a scroll of amnesia for 91 gold pieces
 27498 | Orc:2    | Bought a scroll of teleportation for 78 gold pieces
 27498 | Orc:2    | Bought a viscous sapphire potion for 23 gold pieces
 27498 | Orc:2    | Bought a wand of paralysis (6) for 52 gold pieces
 27498 | Orc:2    | Bought a dented malachite amulet for 130 gold pieces
 27563 | Orc:2    | Found a staircase to the Elven Halls.
 28228 | D:15     | Found a staircase to the Depths.
 28600 | D:15     | Reached XP level 16. HP: 116/116 MP: 23/23
 29019 | D:15     | Killed Agnes
 29514 | Shoals:1 | Entered Level 1 of the Shoals
 29795 | Shoals:1 | Identified the +1 animal skin "Jotir" {rC+ Slay+3}
 30014 | Shoals:1 | HP: 7/152 [merfolk javelineer/silver javelin (8)]
 30682 | Lair:2   | Killed Sonja
 30721 | Lair:2   | Identified the +0 chain mail of Parlour Games {Int+3 Dex-3
                  | Stlth+}
 30753 | Spider:1 | Entered Level 1 of the Spider Nest
 31637 | Spider:2 | You fall into a shaft and drop 1 floor!
 31639 | Spider:3 | Noticed Donald
 31652 | Spider:3 | Killed Donald
 31661 | Spider:3 | Reached XP level 17. HP: 101/126 MP: 20/24
 31837 | Spider:3 | Noticed Arachne
 31853 | Spider:3 | Killed Arachne
 33662 | Spider:4 | Entered Level 4 of the Spider Nest
 33726 | Spider:4 | Found a frozen archway.
 33735 | IceCv    | Entered an ice cave
 33746 | IceCv    | Reached skill level 15 in Fighting
 33746 | IceCv    | Reached skill level 15 in Unarmed Combat
 34229 | IceCv    | Identified the +2 pair of boots "Harr" {Str+3}
 36128 | Spider:4 | Reached XP level 18. HP: 134/134 MP: 25/25
 36852 | D:12     | You paid a toll of 8 potions of haste to enter a treasure
                  | trove
 36853 | Trove    | Entered a treasure trove
 36863 | Trove    | Identified the ring of Ugaradd {Ice Will++ rCorr Int-4
                  | Stlth-}
 36871 | Trove    | Identified the amulet of Kurafa {RegenMP Will+}
 36873 | Trove    | Identified the ring "Gepsat" {rN++ Str+6}
 36875 | Trove    | Identified the ring "Vomenoq" {Str+2 Dex+6}
 36876 | Trove    | Identified the amulet of Ydadeoff {rC- Regen+ Dex+5}
 36882 | Trove    | Identified the ring of Ytsinkus {rCorr Str+4}
 36883 | Trove    | Identified the amulet "Sedghetany" {Regen+ Slay+2 Stlth+}
 37228 | Spider:4 | Reached skill level 11 in Shields
 37445 | Spider:4 | Got a gossamer rune of Zot
 39221 | Shoals:3 | Noticed Nikola
 39230 | Shoals:3 | Killed Nikola
 39264 | Shoals:3 | Noticed Louise
 39271 | Shoals:4 | Entered Level 4 of the Shoals
 39295 | Shoals:4 | Identified the ring of Generosity {rElec Will+ Dex+6}
 39675 | Shoals:4 | Got a barnacled rune of Zot
 39687 | Shoals:4 | Found a runed translucent door.
 39687 | Shoals:4 | Noticed hellse's ghost (adept VSFi)
 39766 | Shoals:3 | Killed Louise
 39896 | Vaults:1 | Entered Level 1 of the Vaults
 39987 | Vaults:1 | Reached XP level 19. HP: 139/139 MP: 22/26
 40001 | Vaults:1 | Noticed Aizul
 40007 | Vaults:1 | Killed Aizul
 40083 | Vaults:2 | Reached skill level 15 in Shields
 40207 | Vaults:2 | Found Daehegg's General Store.
 40215 | Vaults:2 | Bought a potion of heal wounds for 80 gold pieces
 40652 | Vaults:2 | Found a staircase to the Crypt.
 40652 | Vaults:2 | Found an ancient bone altar of Kikubaaqudgha.
 40653 | Vaults:2 | Found a basalt altar of Yredelemnul.
 40663 | Vaults:2 | You fall into a shaft and drop 1 floor!
 41226 | Vaults:4 | Found a huge runed gate.
 41226 | Vaults:4 | Found a huge runed gate.
 41226 | Vaults:4 | Found a huge runed gate.
 41226 | Vaults:4 | Found a huge runed gate.
 41226 | Vaults:4 | Found a huge runed gate.
 41226 | Vaults:4 | Found a huge runed gate.
 41227 | Vaults:4 | Found a huge runed gate.
 41227 | Vaults:4 | Found a huge runed gate.
 41227 | Vaults:4 | Found a huge runed gate.
 41228 | Vaults:4 | Found a huge runed gate.
 41238 | Vaults:4 | Reached skill level 18 in Fighting
 41243 | Vaults:4 | Found a huge runed gate.
 41251 | Vaults:4 | Noticed an ancient lich
 41251 | Vaults:4 | Noticed a dread lich
 41457 | Vaults:5 | Entered Level 5 of the Vaults
 41457 | Vaults:5 | Noticed an ancient lich
 41573 | Vaults:5 | Noticed a tentacled monstrosity
 41582 | Vaults:5 | Killed a tentacled monstrosity
 41585 | Vaults:5 | Reached skill level 11 in Invocations
 41590 | Vaults:5 | Reached XP level 20. HP: 104/157 MP: 18/28
 41592 | Vaults:5 | Killed an ancient lich
 41802 | Vaults:5 | Found the +8 autumn katana {vorpal, manifold assault}
 41807 | Vaults:5 | Identified the +2 flail of Rynucyol {protect, Dex+3}
 41810 | Vaults:5 | Identified the +7 broad axe "Lifebane" {antimagic, Contam
                  | rCorr Str+2 Dex+4}
 41811 | Vaults:5 | Identified the ring "Zefewkuo" {rC+ rN+ Int+3 SInv}
 41833 | Vaults:5 | Identified the ring of Owiwuimu {Wiz Contam rN+ Dex+5}
 42181 | Vaults:5 | Found Suabbiyth's Antique Armour Shop.
 42364 | Vaults:5 | Identified the +1 leather armour "Omexzi" {rN+ Int+7 Dex+2}
 43053 | Vaults:5 | Got a silver rune of Zot
 43208 | Vaults:4 | Noticed an ancient lich
 43215 | Vaults:4 | Killed a dread lich
 43216 | Vaults:4 | Reached XP level 21. HP: 148/164 MP: 20/30
 43234 | Vaults:4 | Killed an ancient lich
 43346 | Vaults:4 | Reached skill level 18 in Unarmed Combat
 43377 | Vaults:4 | Noticed Frederick
 43387 | Vaults:4 | Killed Frederick
 43391 | Vaults:4 | Killed an ancient lich
 43425 | Vaults:4 | Identified the ring "Ireihec" {Fire rElec Will+}
 43849 | Depths:1 | Entered Level 1 of the Depths
 44043 | Depths:2 | You fall into a shaft and drop 2 floors!
 44043 | Depths:4 | Entered Level 4 of the Depths
 44560 | Depths:4 | Noticed a golden dragon
 44568 | Depths:4 | Killed a golden dragon
 44600 | Depths:4 | Noticed a golden dragon
 44600 | Depths:4 | Noticed a golden dragon
 44605 | Depths:4 | Killed a golden dragon
 44608 | Depths:4 | Found a gate to the Realm of Zot.
 44612 | Depths:4 | Killed a golden dragon
 44619 | Zot:1    | Entered Level 1 of the Realm of Zot
 45010 | Zot:4    | Noticed a golden dragon
 45016 | Zot:4    | Killed a golden dragon
 45017 | Zot:4    | Reached skill level 11 in Dodging
 45017 | Zot:4    | Noticed a Killer Klown
 45032 | Zot:4    | Killed a Killer Klown
 45077 | Zot:4    | Noticed a golden dragon
 45089 | Zot:4    | Killed a golden dragon
 45104 | Zot:5    | Entered Level 5 of the Realm of Zot
 45134 | Zot:5    | Reached XP level 22. HP: 171/171 MP: 1/31
 45378 | Zot:5    | Noticed a golden dragon
 45380 | Zot:5    | Killed a golden dragon
 45381 | Zot:5    | Noticed a golden dragon
 45383 | Zot:5    | Killed a golden dragon
 45389 | Zot:5    | Noticed an ancient lich
 45398 | Zot:5    | Killed an ancient lich
 45456 | Zot:5    | Noticed a golden dragon
 45463 | Zot:5    | Killed a golden dragon
 45687 | Zot:5    | Noticed an orb of fire
 45688 | Zot:5    | Noticed an orb of fire
 45688 | Zot:5    | Noticed an orb of fire
 45689 | Zot:5    | Noticed an ancient lich
 45689 | Zot:5    | Noticed an orb of fire
 45690 | Zot:5    | Noticed an orb of fire
 45690 | Zot:5    | Noticed an orb of fire
 45691 | Zot:5    | Noticed an orb of fire
 45693 | Zot:5    | Noticed an orb of fire
 45694 | Zot:5    | Killed an orb of fire
 45694 | Zot:5    | Noticed an ancient lich
 45695 | Zot:5    | Noticed a Killer Klown
 45698 | Zot:5    | Noticed a golden dragon
 45702 | Zot:5    | Gained mutation: You are clumsy. (Dex -2) [an orb of fire]
 46033 | Zot:5    | Gained mutation: Your spells are a little easier to cast,
                  | but a little less powerful. [an orb of fire]
 46034 | Zot:5    | Killed an orb of fire
 46038 | Zot:5    | Gained mutation: You passively dampen the noise of your
                  | surroundings. [an orb of fire]
 46215 | Zot:5    | Killed an ancient lich
 46217 | Zot:5    | Noticed a dread lich
 46222 | Zot:5    | Killed a dread lich
 46225 | Zot:5    | Reached skill level 15 in Dodging
 46264 | Zot:5    | Killed a Killer Klown
 46271 | Zot:5    | Noticed an orb of fire
 46307 | Zot:5    | Killed an orb of fire
 46312 | Zot:5    | Killed a golden dragon
 46628 | Zot:5    | Noticed a Killer Klown
 46637 | Zot:5    | Killed a Killer Klown
 46728 | Zot:5    | Killed an orb of fire
 46811 | Zot:5    | Gained mutation: Your spells are easier to cast, but less
                  | powerful. [an orb of fire]
 46828 | Zot:5    | Killed from afar by an orb of fire

Illustrated notes

Levels and vault maps discovered:
D:1:      amcnicky_arrival_blooded_trapdoor, layout_basic
D:2:      layout_basic, dreamdust_ecumenical_altar_angels_and_demons,
          basic_altar, minmay_misc_feat_roman, uniq_robin
D:3:      layout_basic, lemuel_doored_altar, serial_shops, nicolae_square_shop,
          corexii_leaking_fountain
D:4:      layout_basic, kennysheep_mini,
          chequers_temple_overflow_statue_of_worship, serial_shops, shop,
          uniq_duvessa
D:5:      layout_loops_corners, minmay_temple_entry_offerings, uniq_eustachio
D:6:      layout_basic
D:7:      layout_loops_cross, mainiacjoe_overflow_small_starburst,
          mainiacjoe_overflow_concentric_impassable, uniq_menkaure
D:8:      layout_loops_corners, kennysheep_cross_bottleneck, minmay_liquid_box
D:9:      layout_stronghold, gammafunk_ghost_spectres, minivault_13
D:10:     layout_roguey, amethyst_overflow_temple_binary,
          nicolae_hepliaklqana_ecumenical_no_more, nicolae_blasting_shop,
          minivault_5, jiyva_altar_1
D:11:     layout_rooms, grunt_lair_entry_orc_guard_hut, special_room
          [special_room_orc], serial_shops, nicolae_shop_crystal
D:12:     layout_long_grid, nicolae_trove_entry_path_of_doom, uniq_azrael
D:13:     layout_roguey, david_vaults_1, hangedman_decor_riveting,
          nicolae_dithmenos_shadow_blocks
D:14:     layout_loops_ring, nicolae_elevator_lobby_plus,
          yredelemnul_altar_generic
D:15:     hangedman_depths_entry_try_elsewhere_first, layout_basic,
          serial_park_square1 [serial_park_minivault_5x5_3], uniq_agnes
Temple:   bh_familiar_temple
Lair:1:   layout_small_grid, basic_altar
Lair:2:   layout_chaotic_city, elwin_shoals_entry_rocks, spider_nest_entry_webs,
          serial_bayou_crossing, infiniplex_staircase_pool, lemuel_fruit_fields,
          uniq_sonja
Lair:3:   layout_roguey, gammafunk_ghost_berserking_beasts
Lair:4:   layout_gridlike, beast_lair_carwin_11, uniq_urug, uniq_kirke
Lair:5:   gammafunk_lair_enchanted_lake, layout_gridlike
Lair:6:   hangedman_lair_caniforms_friends, layout_small_grid,
          hangedman_lair_tendril_chambers, minmay_slime_entry_oklob_open,
          nicolae_quartered_pool_medium, serial_bayou_pond_e
Shoals:1: argonaut_golden_fleece, layout_shoals, st_sunken_huts
Shoals:2: layout_shoals, nicolae_shoals_wave_tunnel
Shoals:3: layout_shoals, nicolae_shoals_spring_well_temple, uniq_nikola,
          uniq_louise
Shoals:4: shoals_end_grunt_ice, layout_shoals, gammafunk_ghost_grave
Spider:1: layout_spider_delve
Spider:2: layout_spider_delve
Spider:3: layout_spider_delve, uniq_arachne, uniq_donald
Spider:4: guppyfry_spider_rune, portal_ice_cave_entry_pillars_three, drop_trap,
          nicolae_spider_orb_run
Orc:1:    layout_caves, basic_altar
Orc:2:    st_orc_open, layout_caves
Vaults:1: special_room_vaults [special_room_orc], v_alt_pattern_1,
          nicolae_vaults_network_star, nicolae_vaults_little_squares_1,
          hangedman_vaults_corner_blocks, hangedman_vaults_trim,
          ontoclasm_vaults_twist, vaults_room_grunt_arrival_ludios,
          nicolae_vaults_circle_grid_a, vaults_dpeg_ring,
          hangedman_vaults_stretched_pinwheel, ontoclasm_vaults_claustrophobia,
          vaults_room_grunt_arrival_checkpoint,
          nicolae_vaults_twisting_passages, layout_vaults_omnibox, uniq_aizul
Vaults:2: minmay_crypt_entry_necro_gods, st_cross, v_pattern_4, v_misc_14,
          nicolae_vaults_alarming, nicolae_vaults_little_squares_5,
          nicolae_vaults_theta, nicolae_vaults_shelves_hall, v_misc_1,
          layout_vaults_big_room, serial_shops, shop
Vaults:3: st_cells, v_rooms_3, v_pattern_5, nicolae_vaults_circle_grid_b,
          v_misc_13, vaults_mumra_chevron_long, hangedman_vaults_pinch,
          nicolae_vaults_windows_and_doors_thing, v_misc_29, vaults_room_pool,
          v_alt_pattern_6, ontoclasm_vaults_idyll, nicolae_vaults_specimen_jars,
          vaults_room_fancy_cross, layout_vaults_ring
Vaults:4: v_alt_pattern_1, door_vault, ontoclasm_vaults_spin, vaults_dpeg_doors,
          hangedman_vaults_maws, nicolae_vaults_rhombus_6, vaults_room_corners,
          nicolae_vaults_little_squares_3, layout_vaults_quadrants,
          uniq_margery, uniq_frederick, uniq_xtahua
Vaults:5: serial_shops
Depths:1: layout_long_grid, abyss_entry, grunt_hell_entry_dis_grunt,
          serial_bayou_pond_e, hangedman_ru_absence, grunt_megastairs_1,
          serial_bayou_shore_b
Depths:2: minmay_blocking_statues, layout_gridlike, enter_ziggurat_c, pan_entry,
          abyss_entry, hell_entry, hex_medium, fedhas_altar_fruit_tree
Depths:4: grunt_zot_entry_gee_three, layout_cave_pools,
          nicolae_uskayaw_dance_hall, abyss_entry, hell_entry,
          dreamdust_wishing_well
Zot:1:    kennysheep_six_static_rooms, layout_cathedral_of_symmetry,
          grunt_ministairs_4
Zot:2:    layout_onion_interference, grunt_megastairs_3, uniq_tiamat
Zot:3:    layout_onion_interference
Zot:4:    layout_onion_interference, uniq_vv
Zot:5:    layout_gridlike, grunt_megastairs_2

Skill      XL: |  1  2  3  4  5  6  7  8  9 10 11 12 13 14 15 16 17 18 19 20 21 22 |
---------------+-------------------------------------------------------------------+-----
Stealth        | 2 5 |  5.0
Fighting       | 2 4 5 6 7 10 11 12 14 15 19 20 | 20.0
Unarmed Combat | 4 6 7 10 12 14 15 17 20 | 20.0
Dodging        | 3 6 8 10 12 16 | 16.7
Poison Magic   | 3 |  3.0
Transmutations | 7 10 12 | 12.0
Ice Magic      | 3 7 |  7.0
Invocations    | 9 11 13 | 13.0
Earth Magic    | 2 8 12 | 12.0
Spellcasting   | 3 |  3.0
Evocations     | 5 7 |  7.0
Shields        | 9 14 15 | 15.0

Action                   |  1- 3 |  4- 6 |  7- 9 | 10-12 | 13-15 | 16-18 | 19-21 | 22-24 || total
-------------------------+-------+-------+-------+-------+-------+-------+-------+-------++-------
Melee: Unarmed           |    57 |   137 |   196 |   512 |   580 |   771 |   554 |   173 ||  2980
       Kick              |    16 |    44 |     7 |    27 |       |       |       |       ||    94
       Constrict         |    18 |    38 |     5 |    14 |    22 |   178 |    99 |    24 ||   398
       Tentacles         |    11 |    16 |     5 |    20 |    41 |   192 |   188 |    57 ||   530
       Punch             |     1 |     3 |     2 |     6 |    12 |    97 |   106 |    41 ||   268
 Cast: Beastly Appendage |    12 |    40 |     5 |    20 |       |       |       |       ||    77
       Wereblood         |       |     1 |     2 |     5 |     5 |       |     2 |       ||    15
       Spider Form       |       |     2 |    20 |    45 |       |       |       |       ||    67
       Ice Form          |       |       |       |     3 |    78 |       |       |       ||    81
       Frozen Ramparts   |       |       |       |       |     3 |       |     4 |     1 ||     8
       Statue Form       |       |       |       |       |    28 |   142 |    88 |    30 ||   288
Invok: Slouch            |       |       |       |       |     9 |     8 |     7 |       ||    24
       Step From Time    |       |       |       |       |     1 |     1 |     4 |     4 ||    10
 Abil: End Transformatio |       |       |       |       |     1 |       |       |       ||     1
Evoke: Wand              |       |     3 |     4 |    20 |     3 |    18 |       |       ||    48
       Box of beasts     |       |       |       |       |     1 |       |       |       ||     1
  Use: Potion            |     2 |       |     1 |     1 |     1 |     4 |    10 |     7 ||    26
       Scroll            |       |     7 |     3 |    11 |    19 |    10 |     8 |     6 ||    64
 Stab: Sleeping          |     3 |     9 |     1 |    12 |     8 |    14 |     9 |       ||    56
       Paralysed         |       |       |       |     4 |       |    10 |       |       ||    14
       Distracted        |       |       |       |     2 |       |     2 |     3 |       ||     7
       Petrified         |       |       |       |       |     1 |       |     1 |       ||     2
Armor: Skin              |     5 |    10 |    21 |    41 |   276 |   554 |   242 |    56 ||  1205
Dodge: Dodged            |    34 |    87 |   116 |   623 |  1012 |  1482 |   454 |   168 ||  3976
Block: Kite shield       |       |       |       |       |       |   410 |   767 |   202 ||  1379

Table legend: (Time is in decaauts)
 A = Elapsed time spent in this place.
 B = Non-inter-level travel time spent in this place.
 C = Inter-level travel time spent in this place.
 D = Time resting spent in this place.
 E = Time spent auto-exploring this place.
 F = Levels seen in this place.
 G = Mean time per level.
                   A        B        C        D        E       F      G
               +--------+--------+--------+--------+--------+-----+--------+
         Total |  72732 |  65411 |   7321 |   8402 |  43847 |  47 | 1547.5 |
       Dungeon |  26089 |  23132 |   2957 |   2829 |  17438 |  15 | 1739.3 |
        Temple |    194 |    167 |     27 |      0 |    158 |   1 |  194.0 |
          Lair |  13942 |  12141 |   1801 |    789 |   9386 |   6 | 2323.7 |
        Shoals |   5866 |   5464 |    402 |    623 |   2827 |   4 | 1466.5 |
   Spider Nest |   9623 |   8354 |   1269 |   1258 |   5563 |   4 | 2405.8 |
  Orcish Mines |   2633 |   2452 |    181 |    157 |   1958 |   2 | 1316.5 |
        Vaults |   7329 |   6648 |    681 |    301 |   4502 |   5 | 1465.8 |
        Depths |   1339 |   1339 |      0 |    273 |    639 |   3 |  446.3 |
           Zot |   3378 |   3378 |      0 |   1323 |    442 |   5 |  675.6 |
         Trove |    147 |    147 |      0 |      0 |      7 |   1 |  147.0 |
      Ice Cave |   2187 |   2187 |      0 |    847 |    926 |   1 | 2187.0 |
               +--------+--------+--------+--------+--------+-----+--------+

Top non-repeatable levels by time:
  Lair:6: 4079 daAuts
Spider:4: 3635 daAuts
Vaults:5: 3239 daAuts
Shoals:1: 2859 daAuts
    D:15: 2680 daAuts
Spider:3: 2582 daAuts
  Lair:2: 2559 daAuts
    D:14: 2415 daAuts
  Lair:5: 2292 daAuts
Spider:2: 2277 daAuts
  Lair:1: 2207 daAuts
   IceCv: 2187 daAuts
     D:9: 2114 daAuts
   Zot:5: 2103 daAuts
     D:5: 2027 daAuts
